 Dungeon Crawl Stone Soup version 0.31-a0-1008-g5b978dac0e (webtiles) character file.

Game seed: 15562474870554677533

(classic levelgen) 81001 Amnesiac the Eclecticist (level 16, -25/90 HPs)
             Began as a Djinni Conjurer on Nov 12, 2023.
             Was a Priest of Ashenzari.
             Shot with an arrow by a centaur warrior (31 damage)
             ... on level 15 of the Dungeon.
             The game lasted 00:58:51 (21949 turns).

Amnesiac the Eclecticist (Djinni Conjurer)         Turns: 21949, Time: 00:58:52

Health: -25/90     AC:  8    Str:  6    XL:     16   Next: 16%
Gold:   1970       EV: 16    Int: 29    God:    Ashenzari [***...] SH:  5 Dex: 11

rFire   + . .        b - staff of Ashenzari's Stars (curse) {Conj, !a, Elem, Alch} (curse)
rCold   + . .        (no shield)
rNeg    . . .        O - +0 troll leather armour
rPois   ∞            q - +2 helmet of Panopticon {Rampage rC+ SInv, Bglg, Self} (curse)
rElec   .            y - scarf {harm}
rCorr   .            R - +1 pair of gloves "Share My Jealousy" {Melee, Elem} (curse)
SInv    +            (boots unavailable)
Will    +....        L - amulet of Apeoromancy {Reflect SH+5, Alch, Self} (curse)
Stlth   +            t - ring of ice
HPRegen 1.15/turn    h - ring of Ashenzari's Visionary {EV+5, Alch, Elem} (curse)
MPRegen 0.00/turn

%: harm (+30% outgoing, +20% incoming), reflection, clarity, rampage, infuse
magic (-26 HP)
@: flying, studying Dodging
A: sickness immunity, fire resistance 2, cold vulnerability 1, float, innate
caster, HP casting, extra vitality 1
a: Renounce Religion, Curse Item, Shatter the Chains


You were on level 15 of the Dungeon.
You worshipped Ashenzari.
Ashenzari was most pleased with you.
You visited 4 branches of the dungeon, and saw 23 of its levels.
You also visited: Sewer.

You collected 2299 gold pieces.
You spent 329 gold pieces at shops.

Inventory:

Hand Weapons
 a - the +10 sling "Goblinslayer" {speed, Dex+3}
   (You found it on level 4 of the Dungeon)

   Dex+3:     It affects your dexterity (+3).
Missiles
 e - 10 curare-tipped darts
 K - 4 throwing nets
Armour
 q - the cursed +2 helmet of Panopticon (worn) {Rampage rC+ SInv, Bglg, Self}
   (You found it on level 9 of the Dungeon)

   rC+:       It protects you from cold.
   SInv:      It lets you see invisible.
   Rampage:   It bestows one free step when moving towards enemies.
   It has a curse which improves the following skills: Beguiling: Conjurations,
   Hexes and Translocations.
   Introspection: Fighting and Spellcasting.
 y - a scarf of harm (worn)
 I - +0 acid dragon scales
 O - a +0 troll leather armour (worn)
 R - the cursed +1 pair of gloves "Share My Jealousy" (worn) {Melee, Elem}
   (You bought it in a shop on level 14 of the Dungeon)

   It has a curse which improves the following skills: Melee Combat: Short
   Blades, Long Blades, Axes, Maces & Flails, Polearms, Staves and Unarmed
   Combat.
   Elements:  Fire Magic, Ice Magic, Air Magic and Earth Magic.
Magical Staves
 b - the cursed staff of Ashenzari's Stars (weapon) {Conj, !a, Elem, Alch}
   (You found it on level 5 of the Lair of Beasts)

   [staff of conjuration]

   Base accuracy: +5 Base damage: 5 Base attack delay: 1.2 This weapon's minimum
   attack delay (0.6) is reached at skill level 12.
   Conj:      It increases the power of your Conjurations spells.
   It falls into the 'Staves' category.
   It is a one-handed weapon.
   It has a curse which improves the following skills: Elements: Fire Magic, Ice
   Magic, Air Magic and Earth Magic.
   Alchemy:   Poison Magic and Transmutations.
 m - a staff of air
Jewellery
 h - the cursed ring of Ashenzari's Visionary (right hand) {EV+5, Alch, Elem}
   (You found it on level 9 of the Dungeon)

   [ring of evasion]

   EV+5:      It affects your evasion (+5).
   It has a curse which improves the following skills: Alchemy: Poison Magic and
   Transmutations.
   Elements:  Fire Magic, Ice Magic, Air Magic and Earth Magic.
 t - a ring of ice (left hand)
 x - a +4 ring of slaying
 H - a ring of ice
 L - the cursed amulet of Apeoromancy (around neck) {Reflect SH+5, Alch, Self}
   (You found it on level 5 of the Lair of Beasts)

   [amulet of reflection]

   Reflect:   It reflects blocked missile attacks.
   SH+5:      It affects your SH (+5).
   It has a curse which improves the following skills: Alchemy: Poison Magic and
   Transmutations.
   Introspection: Fighting and Spellcasting.
 N - the ring of Liberty {rElec rPois rCorr}
   (You found it on level 10 of the Dungeon)

   [ring of resist corrosion]

   rElec:     It insulates you from electricity.
   rPois:     It protects you from poison rCorr: It protects you from acid and
   corrosion.
Wands
 D - a wand of light (10)
 E - a wand of charming (21)
 M - a wand of flame (29)
 Q - a wand of roots (9)
Scrolls
 i - 6 scrolls of noise {!r}
 n - 4 scrolls of revelation {!r}
 o - 3 scrolls of blinking {!r}
 p - 4 scrolls of teleportation {!r}
 r - 5 scrolls of poison {!r}
 s - 9 scrolls of immolation {!r}
 A - a scroll of vulnerability {!r}
 B - a scroll of silence {!r}
 J - a scroll of enchant armour {!r}
 P - 2 scrolls of fog {!r}
 S - a scroll of butterflies {!r}
Potions
 c - 4 potions of might {!q}
 d - 6 potions of ambrosia {!q}
 f - a potion of brilliance {!q}
 g - 2 potions of resistance {!q}
 j - 3 potions of lignification {!q}
 k - 9 potions of enlightenment {!q}
 l - 5 potions of mutation {!q}
 u - 9 potions of curing {!q}
 v - 2 potions of cancellation {!q}
 w - 2 potions of invisibility {!q}
 z - a potion of heal wounds {!q}
 C - 3 potions of haste {!q}
 F - 2 potions of berserk rage {!q}
 G - a potion of attraction {!q}
Miscellaneous
 T - a lightning rod (4/4)


   Skills:
 + Level 2.9 Dodging
 - Level 1.5 Stealth
 * Level 20.4(22.3) Spellcasting
 * Level 20.4(21.6) Conjurations
 * Level 20.4(21.6) Hexes
   Level 0.0 Charms
 * Level 20.4 Summonings
 * Level 20.4 Necromancy
 * Level 20.4(21.6) Translocations
 * Level 20.4(23.0) Transmutations
 * Level 20.4(23.0) Fire Magic
 * Level 20.4(23.0) Ice Magic
 * Level 20.4(23.0) Air Magic
 * Level 20.4(23.0) Earth Magic
 * Level 20.4(23.0) Poison Magic


You knew the following spells:

 Your Spells              Type           Power      Damage    Failure   Level
a - Magic Dart            Conj           100%       1d8       0%          1
b - Iskenderun's Mystic   Conj/Tloc      100%       2d19      0%          4
c - Fulminant Prism       Conj/Hex       63%        3d26      0%          4
d - Dazzling Flash        Conj/Hex       100%       N/A       0%          3
e - Bombard               Conj/Erth      63%        9d10      1%          6
f - Foxfire               Conj/Fire      100%       2x1d9     0%          1
g - Dimensional Bullseye  Hex/Tloc       51%        N/A       0%          4
h - Ignite Poison         Fire/Tmut/Pois 100%       N/A       0%          3
i - Vhi's Electric Charg  Tloc/Air       100%       N/A       0%          4
j - Searing Ray           Conj           100%       2d8       0%          2
v - Passwall              Tmut/Erth      87%        N/A       0%          2
w - Irradiate             Conj/Tmut      63%        3d32      0%          5
Your spell library was empty.

Dungeon Overview and Level Annotations

Branches:
Dungeon (15/15)            Temple (1/1) D:4            Lair (5/5) D:9
  Swamp (0/4) Lair:2        Snake (0/4) Lair:2        Slime (0/5) Lair:5
    Orc (2/2) D:11            Elf (0/3) Orc:2        Vaults (0/5) D:13
  Sewer (visited)
 Depths: D:15

Altars:
Ashenzari
Cheibriados
Dithmenos
Elyvilon
Fedhas
Gozag
Hepliaklqana
Makhleb
Nemelex Xobeh
Okawaru
Qazlal
Ru
Trog
Uskayaw
Wu Jian
Xom
Yredelemnul
Zin
The Shining One
Jiyva
Lugonu

Shops:
D:5 :   D:14 [   Orc:2 ?*(!

Portals:
Abyss: Lair:5

Annotations:
D:10 1 transporter, WhatIsLove's ghost, journeyman DjVM


Innate Abilities, Weirdness & Mutations

You are immune to sickness and miasma.
You are immune to poison.
Your flesh is very heat resistant. (rF++)
You are vulnerable to cold. (rC-)
You float through the air rather than walking.
You learn spells naturally, not from books.
Your magical power is your life essence.
You have superior vitality. (+4 MHP)


Message History

Jorgrun Earthshaker comes into view.
He is wielding a staff of earth.
Some rock shatters into small pieces.
Found 12 gold pieces.
You pick up a manual of Dodging and begin studying.
Casting: Bombard (safe; 1% risk of failure)
Confirm with . or Enter, or press ? or * to list all spells.
You don't know that spell.
Unknown command.
You rampage towards Jorgrun!
Jorgrun says, "May tha earth consume ye!"
Casting: Bombard (safe; 1% risk of failure)
Confirm with . or Enter, or press ? or * to list all spells.
Aiming: Bombard (safe; 1% risk of failure)
Press: ? - help, Shift-Dir - straight line, f - Jorgrun
Aim: Jorgrun, wielding a staff of earth and wearing a +0 robe (68% to hit)
You feel a surge of power!
The iron shot hits Jorgrun!!!
Jorgrun is severely wounded.
Casting: Bombard (safe; 1% risk of failure)
Confirm with . or Enter, or press ? or * to list all spells.
Aiming: Bombard (safe; 1% risk of failure)
Press: ? - help, Shift-Dir - straight line, f/p - Jorgrun
Aim: Jorgrun, wielding a staff of earth and wearing a +0 robe (severely wounded, 68% to hit)
You feel a surge of power!
The iron shot misses Jorgrun.
Jorgrun barely misses you.
Casting: Bombard (safe; 1% risk of failure)
Confirm with . or Enter, or press ? or * to list all spells.
Aiming: Bombard (safe; 1% risk of failure)
Press: ? - help, Shift-Dir - straight line, f/p - Jorgrun
Aim: Jorgrun, wielding a staff of earth and wearing a +0 robe (severely wounded, 68% to hit)
You feel a surge of power!
The iron shot hits Jorgrun!!!
You kill Jorgrun!
The blast sends you backwards.
A centaur warrior comes into view.
Found 10 gold pieces.
The centaur warrior shouts!
The centaur warrior wields a +0 shortbow.
The centaur warrior shoots an arrow.
The arrow misses you.
Things that are here:
a staff of earth; a +0 robe; the dwarf corpse of Jorgrun The centaur warrior shoots an arrow.
The arrow hits you.
The centaur warrior shoots an arrow.
The arrow hits you!
You rampage towards the centaur warrior!
The centaur warrior shoots an arrow.
The arrow hits you!
The centaur warrior shoots an arrow.
The arrow hits you!
* * * LOW HITPOINT WARNING * * *
Casting: Bombard (safe; 1% risk of failure)
Confirm with . or Enter, or press ? or * to list all spells.
Aiming: Bombard (safe; 1% risk of failure)
Press: ? - help, Shift-Dir - straight line, f - centaur warrior
Aim: a centaur warrior, wielding a +0 shortbow (86% to hit)
You feel a surge of power!
The iron shot hits the centaur warrior!!!
The centaur warrior is almost dead.
The blast sends you backwards.
* * * LOW HITPOINT WARNING * * *
The centaur warrior shoots an arrow.
The arrow misses you.
Casting: Bombard (safe; 1% risk of failure)
Confirm with . or Enter, or press ? or * to list all spells.
You can't see any susceptible monsters within range! (Use Z to cast anyway.)
You rampage towards the centaur warrior!
The centaur warrior shoots an arrow.
The arrow hits you!!
* * * LOW HITPOINT WARNING * * *
The centaur warrior shoots an arrow.
The arrow hits you!!
You die...

. ..
..########### ...
............#
....
##.........#.....
#...........$...
#.........#...
#....|....# ..
#......<..# .
#....@....#
#.........#
.......#....#
....c..#.......
.......#.......
......$#........
..######........
.. ....#..


You could see a centaur warrior.

Vanquished Creatures
  Jorgrun (D:15)
  Kirke (D:14)
  An ironbound preserver (D:13)
  An ettin (Orc:2)
  Josephine (Lair:3)
  Erolcha (Orc:1)
  Harold (D:9)
  4 hydras
  A catoblepas (D:13)
  5 two-headed ogres
  3 centaur warriors (D:13)
  2 boulder beetles
  3 death yaks
  A tengu warrior (D:10)
  A deep troll earth mage (D:12)
  4 orc high priests (Orc:2)
  4 thrashing horrors (Lair:5)
  A skyshark (Lair:5)
  Sonja (Orc:2)
  A fire crab (shapeshifter) (D:13)
  Lodul (D:10)
  A death drake (shapeshifter) (D:12)
  A phantasmal warrior (D:12)
  2 spriggan druids (Lair:2)
  A mana viper (shapeshifter) (Lair:5)
  3 oklob plants (Lair:5)
  An orc sorcerer (Orc:2)
  6 ugly things
  2 manticores
  6 cyclopes
  A large abomination (Lair:5)
  A salamander (shapeshifter) (D:12)
  4 elephants (Lair:2)
  3 black mambas
  16 cane toads
  4 torpor snails
  5 rime drakes
  2 kobold demonologists (D:11)
  An unseen horror (shapeshifter) (Lair:5)
  7 komodo dragons
  A freezing wraith (D:14)
  An efreet (D:14)
  7 polar bears
  8 trolls
  2 hornets
  A queen bee (D:11)
  A raiju (Lair:5)
  20 blink frogs (Lair:5)
  27 dream sheep
  Grinder (D:4)
  A raiju (shapeshifter) (D:14)
  9 slime creatures
  6 wraiths
  22 yaks
  A shadow (D:11)
  A vampire (D:12)
  4 wyverns
  3 ynoxinuls (Lair:5)
  A basilisk (shapeshifter) (D:13)
  6 humans (D:14)
  3 steam dragons
  8 basilisks
  A chaos spawn (Lair:5)
  6 vampire mosquitoes
  4 acid dragons
  10 small abominations (Lair:5)
  7 water moccasins
  18 orc warriors
  2 sky beasts
  2 black bears (D:6)
  11 ogres
  22 wolves
  13 centaurs
  2 phantoms
  A kobold brigand (D:9)
  7 bullfrogs
  2 gnoll sergeants
  2 scorpions
  3 wights (D:9)
  25 killer bees
  4 howler monkeys (D:9)
  2 jellies
  5 hounds
  23 orc priests
  2 gnoll boudas
  An iguana (D:6)
  25 orc wizards
  18 gnolls
  17 adders
  4 river rats (Sewer)
  3 shadow imps
  A white imp (D:8)
  2 ufetubi (D:6)
  A worm (Sewer)
  2 dart slugs
  54 orcs
  12 ball pythons
  7 bats
  3 endoplasms
  8 giant cockroaches
  2 goblins
  6 hobgoblins
  4 jackals
  3 quokkas
  5 frilled lizards
  18 kobolds
  4 rats
614 creatures vanquished.

Vanquished Creatures (others)
  An orc wizard (Orc:2)
  24 fulminant prisms
25 creatures vanquished.

Grand Total: 639 creatures vanquished

Notes
Turn   | Place    | Note
-------+----------+-------------------------------------------
     0 | D:1      | Amnesiac the Djinni Conjurer began the quest for the Orb.
     0 | D:1      | Amnesiac set off with the following spells memorised: Magic
                  | Dart, Searing Ray, Dazzling Flash, Fulminant Prism,
                  | Iskenderun's Mystic Blast.
     0 | D:1      | Reached XP level 1. HP: 15/15 MP: 0/0
   119 | D:1      | Reached XP level 2. HP: 11/21 MP: 0/0
   506 | D:3      | Reached XP level 3. HP: 24/25 MP: 0/0
   506 | D:3      | Learned a level 1 spell: Foxfire
   800 | D:3      | Found a glowing drain.
   809 | Sewer    | Entered a sewer
   818 | Sewer    | Reached XP level 4. HP: 13/31 MP: 0/0
  1099 | Sewer    | Reached XP level 5. HP: 30/35 MP: 0/0
  1099 | Sewer    | Learned a level 2 spell: Passwall
  1212 | Sewer    | Reached skill level 5 in Spellcasting
  1212 | Sewer    | Reached skill level 5 in Conjurations
  1212 | Sewer    | Reached skill level 5 in Hexes
  1212 | Sewer    | Reached skill level 5 in Summonings
  1212 | Sewer    | Reached skill level 5 in Necromancy
  1212 | Sewer    | Reached skill level 5 in Translocations
  1212 | Sewer    | Reached skill level 5 in Transmutations
  1212 | Sewer    | Reached skill level 5 in Fire Magic
  1212 | Sewer    | Reached skill level 5 in Ice Magic
  1212 | Sewer    | Reached skill level 5 in Air Magic
  1212 | Sewer    | Reached skill level 5 in Earth Magic
  1212 | Sewer    | Reached skill level 5 in Poison Magic
  1533 | D:4      | Noticed a sky beast
  1560 | D:4      | Killed a sky beast
  1561 | D:4      | Reached XP level 6. HP: 16/40 MP: 0/0
  1567 | D:4      | Found a staircase to the Ecumenical Temple.
  1571 | Temple   | Entered the Ecumenical Temple
  1574 | Temple   | Became a worshipper of Ashenzari the Shackled
  1624 | D:4      | Identified the +10 sling "Goblinslayer" {speed, Dex+3}
  3792 | D:4      | Reached XP level 7. HP: 45/45 MP: 0/0
  3792 | D:4      | Learned a level 3 spell: Ignite Poison
  3795 | D:4      | Noticed Grinder
  3811 | D:4      | Killed Grinder
  4116 | D:5      | Entered Level 5 of the Dungeon
  4253 | D:5      | Reached XP level 8. HP: 50/50 MP: 0/0
  4552 | D:5      | Found Perhengy's Tiny Tomes.
  5112 | D:6      | Reached XP level 9. HP: 53/55 MP: 0/0
  5112 | D:6      | Learned a level 4 spell: Vhi's Electric Charge
  6829 | D:8      | Reached skill level 10 in Spellcasting
  6829 | D:8      | Reached skill level 10 in Conjurations
  6829 | D:8      | Reached skill level 10 in Hexes
  6829 | D:8      | Reached skill level 10 in Summonings
  6829 | D:8      | Reached skill level 10 in Necromancy
  6829 | D:8      | Reached skill level 10 in Translocations
  6829 | D:8      | Reached skill level 10 in Transmutations
  6829 | D:8      | Reached skill level 10 in Fire Magic
  6829 | D:8      | Reached skill level 10 in Ice Magic
  6829 | D:8      | Reached skill level 10 in Air Magic
  6829 | D:8      | Reached skill level 10 in Earth Magic
  6829 | D:8      | Reached skill level 10 in Poison Magic
  7226 | D:9      | Noticed a two-headed ogre
  7235 | D:9      | Reached XP level 10. HP: 44/60 MP: 0/0
  7403 | D:9      | Killed a two-headed ogre
  7549 | D:9      | Found a staircase to the Lair.
  7643 | D:9      | Identified the +2 helmet of the Valley of Death {Rampage
                  | rC+ SInv}
  7868 | D:9      | Noticed a two-headed ogre
  7876 | D:9      | Killed a two-headed ogre
  7979 | D:9      | Noticed Harold
  8020 | D:9      | Killed Harold
  8341 | D:9      | Reached XP level 11. HP: 58/65 MP: 0/0
  8341 | D:9      | Learned a level 4 spell: Dimensional Bullseye
  8362 | D:10     | Entered Level 10 of the Dungeon
  8414 | D:10     | Found a transporter.
  8416 | D:10     | Found a transporter.
  8422 | D:10     | Found a bloodstained altar of Trog.
  8423 | D:10     | Noticed a tengu warrior
  8423 | D:10     | Noticed a two-headed ogre
  8425 | D:10     | Noticed WhatIsLove's ghost (journeyman DjVM)
  8425 | D:10     | Noticed a moth of wrath
  8428 | D:10     | Killed a tengu warrior
  8614 | D:10     | Found a white marble altar of Elyvilon.
  8614 | D:10     | Found a glowing silver altar of Zin.
  8616 | D:10     | Found a snail-covered altar of Cheibriados.
  8619 | D:10     | Found a burning altar of Makhleb.
  8732 | D:10     | Noticed Lodul
  8751 | D:10     | Killed Lodul
  9094 | D:10     | Identified the ring of Liberty {rElec rPois rCorr}
  9544 | Lair:1   | Entered Level 1 of the Lair of Beasts
  9808 | Lair:1   | Reached XP level 12. HP: 67/70 MP: 0/0
 10589 | Lair:2   | Found a staircase to the Snake Pit.
 10617 | Lair:2   | Identified the +6 plate armour "Gireic" {Will+ Regen+}
 11151 | Lair:2   | Reached skill level 15 in Spellcasting
 11151 | Lair:2   | Reached skill level 15 in Conjurations
 11151 | Lair:2   | Reached skill level 15 in Hexes
 11151 | Lair:2   | Reached skill level 15 in Summonings
 11151 | Lair:2   | Reached skill level 15 in Necromancy
 11151 | Lair:2   | Reached skill level 15 in Translocations
 11151 | Lair:2   | Reached skill level 15 in Transmutations
 11151 | Lair:2   | Reached skill level 15 in Fire Magic
 11151 | Lair:2   | Reached skill level 15 in Ice Magic
 11151 | Lair:2   | Reached skill level 15 in Air Magic
 11151 | Lair:2   | Reached skill level 15 in Earth Magic
 11151 | Lair:2   | Reached skill level 15 in Poison Magic
 11418 | Lair:2   | Noticed a spriggan druid
 11424 | Lair:2   | Killed a spriggan druid
 11728 | Lair:2   | Noticed a spriggan druid
 11744 | Lair:2   | Killed a spriggan druid
 11844 | Lair:2   | Found a staircase to the Swamp.
 12054 | Lair:3   | Reached XP level 13. HP: 49/75 MP: 0/0
 12054 | Lair:3   | Learned a level 5 spell: Irradiate
 12244 | Lair:3   | Noticed Josephine
 12261 | Lair:3   | Killed Josephine
 12766 | Lair:3   | HP: 2/75 [boulder beetle (15)]
 13947 | Lair:4   | Reached * piety under Ashenzari
 14110 | Lair:4   | Noticed a six-headed hydra
 14121 | Lair:4   | Killed a six-headed hydra
 14505 | Lair:5   | Identified the "Nacait"
 14505 | Lair:5   | Entered Level 5 of the Lair of Beasts
 14510 | Lair:5   | Noticed a five-headed hydra
 14795 | Lair:5   | Reached XP level 14. HP: 61/80 MP: 0/0
 15046 | Lair:5   | Found a viscous altar of Jiyva.
 15048 | Lair:5   | Found a staircase to the Slime Pits.
 15418 | Lair:5   | HP: 3/80 [rime drake/icy flash freeze (17)]
 16868 | Lair:5   | Found a corrupted altar of Lugonu.
 16868 | Lair:5   | Found a one-way gate to the infinite horrors of the Abyss.
 16934 | Lair:5   | Identified the staff of Vaomyshre {rElec rPois Poison}
 17367 | D:11     | Reached ** piety under Ashenzari
 17502 | D:11     | Reached XP level 15. HP: 50/85 MP: 0/0
 17502 | D:11     | Learned a level 6 spell: Bombard
 17704 | D:11     | Found a staircase to the Orcish Mines.
 18133 | D:12     | Identified the +6 arbalest of Triumph {flame, Int+3}
 18133 | D:12     | Found a runed translucent door.
 18796 | D:13     | Noticed an ironbound preserver
 18803 | D:13     | Killed an ironbound preserver
 18853 | D:13     | Found a gate to the Vaults.
 19713 | D:13     | Reached *** piety under Ashenzari
 19963 | D:14     | Found Obos's Antique Armour Shoppe.
 19972 | D:14     | Bought a pair of glowing gloves for 277 gold pieces
 20051 | Orc:1    | Entered Level 1 of the Orcish Mines
 20121 | Orc:2    | Entered Level 2 of the Orcish Mines
 20121 | Orc:2    | Found a staircase to the Elven Halls.
 20166 | Orc:2    | Noticed Sonja
 20167 | Orc:2    | Killed Sonja
 20267 | Orc:1    | Noticed Erolcha
 20276 | Orc:1    | Killed Erolcha
 21194 | Orc:2    | Found Belitit's General Store.
 21194 | Orc:2    | Found Ygaoweas's Distillery.
 21200 | Orc:2    | Found Sedotust's Weapon Shop.
 21204 | Orc:2    | Found Qiliyn's Magic Scroll Boutique.
 21210 | Orc:2    | Bought a scroll of butterflies for 52 gold pieces
 21444 | D:14     | Reached XP level 16. HP: 84/90 MP: 0/0
 21659 | D:14     | Found a white marble altar of Elyvilon.
 21829 | D:14     | Noticed Kirke
 21831 | D:14     | Killed Kirke
 21930 | D:15     | Identified a manual of Dodging
 21930 | D:15     | Entered Level 15 of the Dungeon
 21932 | D:15     | Noticed Jorgrun
 21941 | D:15     | Killed Jorgrun
 21949 | D:15     | Shot with an arrow by a centaur warrior

Illustrated notes

Levels and vault maps discovered:
D:1:      ldierk_walled_garden, layout_loops_ring, grunt_decor_clamped
D:2:      mumra_celtic_spiral_tile, layout_loops_ring, basic_altar,
          chequers_garden, dreamdust_mushroom_princess, minmay_split_cup_small
D:3:      layout_basic, portal_sewer_entry_d
D:4:      layout_cave_pools, temple_hall_moat, minmay_misc_feat_chi,
          uniq_grinder
D:5:      layout_loops_cross, nicolae_shop_i_like_small_books_too
D:6:      layout_cave_pods, st_stairs_11
D:7:      layout_basic, fountainhead
D:8:      layout_rooms
D:9:      layout_basic, dpeg_oklobed_lair, minmay_misc_feat_five, uniq_harold
D:10:     layout_stronghold, minitemple, gammafunk_ghost_wrathful_warriors,
          uniq_lodul
D:11:     layout_cave_pods, orc_0_dummy, special_room [special_room_bee],
          grunt_ministairs_1
D:12:     layout_roguey, kennysheep_treasure_room
D:13:     layout_grid_maze, skrybe_vaults_entry_preservation,
          minmay_tree_intersection
D:14:     layout_gridville, serial_shops, nicolae_diamond_shop,
          nicolae_elyvilon_peaceful_grove, uniq_kirke
D:15:     grunt_enter_depths_magical_seal, layout_grid_maze,
          minmay_misc_feat_plants, uniq_jorgrun
Temple:   dpeg_three_leaves_temple
Lair:1:   layout_cave_pods
Lair:2:   layout_regular_city, mainiacjoe_swamp_entry_angry_trees,
          dummy_snake_entry
Lair:3:   layout_roguey, cheibrodos_lair_lostbears, uniq_josephine
Lair:4:   layout_cave_shapes, grunt_megastairs_4
Lair:5:   hellmonk_lair_end_abyssal_woods, layout_hall_layers,
          minmay_slime_entry_oklob_open, infiniplex_staircase_pool,
          serial_bayou_shore_b
Orc:1:    layout_diamond_mine, guppyfry_library_mini, uniq_erolcha
Orc:2:    st_orc_mages, layout_caves, basic_altar,
          dreamdust_deal_with_the_devil, nicolae_orc_jurassic_orc, uniq_sonja

Skill      XL: |  1  2  3  4  5  6  7  8  9 10 11 12 13 14 15 |
---------------+----------------------------------------------+-----
Spellcasting   | 4 5 6 7 8 10 12 13 15 17 18 20 | 20.4
Conjurations   | 4 5 6 7 8 10 12 13 15 17 18 20 | 20.4
Hexes          | 4 5 6 7 8 10 12 13 15 17 18 20 | 20.4
Summonings     | 4 5 6 7 8 10 12 13 15 17 18 20 | 20.4
Necromancy     | 4 5 6 7 8 10 12 13 15 17 18 20 | 20.4
Translocations | 4 5 6 7 8 10 12 13 15 17 18 20 | 20.4
Transmutations | 4 5 6 7 8 10 12 13 15 17 18 20 | 20.4
Fire Magic     | 4 5 6 7 8 10 12 13 15 17 18 20 | 20.4
Ice Magic      | 4 5 6 7 8 10 12 13 15 17 18 20 | 20.4
Air Magic      | 4 5 6 7 8 10 12 13 15 17 18 20 | 20.4
Earth Magic    | 4 5 6 7 8 10 12 13 15 17 18 20 | 20.4
Poison Magic   | 4 5 6 7 8 10 12 13 15 17 18 20 | 20.4
Dodging        | |  2.9
Stealth        | |  1.5

Action                     |  1- 3 |  4- 6 |  7- 9 | 10-12 | 13-15 | 16-18 || total
---------------------------+-------+-------+-------+-------+-------+-------++-------
  Melee: Sling             |       |       |       |     1 |       |       ||     1
         Staff             |       |       |       |     1 |    13 |       ||    14
   Fire: Sling             |       |    47 |   162 |   200 |   186 |       ||   595
   Cast: Magic Dart        |    53 |    43 |     1 |       |     1 |       ||    98
         Searing Ray       |       |    12 |     6 |     8 |       |       ||    26
         Iskenderun's Myst |       |       |     5 |   118 |   187 |     2 ||   312
         Fulminant Prism   |       |       |     1 |     6 |    17 |       ||    24
         Vhi's Electric Ch |       |       |       |     1 |       |       ||     1
         Irradiate         |       |       |       |       |    25 |     3 ||    28
         Bombard           |       |       |       |       |   108 |    16 ||   124
 Invoke: Curse Item        |       |       |       |     1 |     4 |       ||     5
  Evoke: Wand              |       |       |     1 |       |       |       ||     1
    Use: Scroll            |       |       |    10 |     3 |     1 |       ||    14
         Potion            |       |       |       |       |     3 |       ||     3
 Armour: Robe              |    10 |    14 |    23 |       |       |       ||    47
         Acid dragon scale |       |       |     1 |    28 |   102 |       ||   131
         Skin              |       |       |       |       |    77 |       ||    77
         Troll leather arm |       |       |       |       |    42 |    12 ||    54
  Dodge: Dodged            |     6 |    15 |    16 |    32 |   132 |     4 ||   205
  Block: Other             |       |       |       |       |    10 |       ||    10
         Reflection        |       |       |       |       |     2 |       ||     2

Table legend: (Time is in decaauts)
 A = Elapsed time spent in this place.
 B = Non-inter-level travel time spent in this place.
 C = Inter-level travel time spent in this place.
 D = Time resting spent in this place.
 E = Time spent auto-exploring this place.
 F = Levels seen in this place.
 G = Mean time per level.
                   A        B        C        D        E       F      G
               +--------+--------+--------+--------+--------+-----+--------+
         Total |  22002 |  20583 |   1419 |   4521 |  12849 |  24 |  916.8 |
       Dungeon |  12357 |  11403 |    954 |   1171 |   8497 |  15 |  823.8 |
        Temple |      6 |      3 |      3 |      0 |      0 |   1 |    6.0 |
          Lair |   7656 |   7272 |    384 |   2878 |   3362 |   5 | 1531.2 |
  Orcish Mines |   1322 |   1245 |     77 |    224 |    745 |   2 |  661.0 |
         Sewer |    659 |    659 |      0 |    248 |    245 |   1 |  659.0 |
               +--------+--------+--------+--------+--------+-----+--------+

Top non-repeatable levels by time:
  Lair:5: 2139 daAuts
  Lair:4: 1601 daAuts
  Lair:3: 1380 daAuts
  Lair:2: 1364 daAuts
    D:13: 1330 daAuts
    D:10: 1177 daAuts
  Lair:1: 1171 daAuts
     D:3: 1157 daAuts
     D:9: 1150 daAuts
    D:11: 996 daAuts
   Orc:2: 986 daAuts
     D:2: 975 daAuts
     D:7: 905 daAuts
     D:8: 819 daAuts
     D:1: 776 daAuts
